 Dungeon Crawl Stone Soup version 0.30.0-29-ga12c61a403 (webtiles) character file.

Game seed: 13789443603501500392

4 ChadusMaximus the Caller (level 1, -1/13 HPs)
             Began as a Barachi Summoner on June 22, 2023.
             Slain by an adder (4 damage)
             ... on level 2 of the Dungeon.
             The game lasted 00:00:25 (166 turns).

ChadusMaximus the Caller (Barachi Summoner)          Turns: 166, Time: 00:00:26

Health: -1/13      AC:  2    Str:  9    XL:     1   Next: 70%
Magic:  1/3        EV: 12    Int: 15    God:
Gold:   16         SH:  0    Dex: 12    Spells: 3/4 levels left

rFire   . . .        d - +0 mace
rCold   . . .        (no shield)
rNeg    . . .        a - +0 robe
rPois   .            (no helmet)
rElec   .            (no cloak)
rCorr   .            (no gloves)
SInv    .            (no boots)
Will    .....        (no amulet)
Stlth   ++           (no ring)
HPRegen 0.22/turn    (no ring)
MPRegen 0.08/turn

%: no passive effects
@: slow
A: amphibious, slowness 1, strong legs 1, +LOS
a: Hop


You were on level 2 of the Dungeon.
You visited 1 branch of the dungeon, and saw 2 of its levels.

You collected 16 gold pieces.

Inventory:

Hand Weapons
 d - a +0 mace (weapon)
Armour
 a - a +0 robe (worn)
Scrolls
 c - 2 scrolls of teleportation {unknown}
 f - a scroll of magic mapping {unknown}
 h - a scroll of blinking {unknown}
 i - a scroll of butterflies {unknown}
Potions
 b - a potion of magic
 e - a potion of invisibility {unknown}
 g - a potion of lignification {unknown}


   Skills:
 - Level 2.2 Dodging
 - Level 1.8 Stealth
 + Level 2.3 Spellcasting
 * Level 5.0 Summonings


You had 3 spell levels left.
You knew the following spells:

 Your Spells              Type           Power      Damage    Failure   Level
a - Summon Small Mammal   Summ           64%        N/A       2%          1

Your spell library contained the following spells:

 Spells                   Type           Power      Damage    Failure   Level
 Call Imp                 Summ           32%        N/A       4%          2
 Call Canine Familiar     Summ           16%        N/A       9%          3
 Summon Guardian Golem    Hex/Summ       9%         N/A       24%         3
 Summon Lightning Spire   Summ/Air       9%         N/A       61%         4


Dungeon Overview and Level Annotations

Branches:
Dungeon (1/15)

Altars:


Innate Abilities, Weirdness & Mutations

You are amphibious.
You cover ground slowly.
You can hop short distances.
You have an extended range of vision and can be seen from far away.


Message History

No target in view!
Magic restored.
An adder comes into view.
The adder hisses angrily.
Your quokka disappears in a puff of smoke!
An adder is nearby!
The adder barely misses your rat.
An adder is nearby!
You swap places.
The adder bites you.
You are poisoned.
The adder poisons you!
You closely miss the adder.
You feel sick. The adder bites you.
Your rat closely misses the adder.
The adder barely misses you.
Your rat closely misses the adder.
You are too injured to fight recklessly!
Unknown command.
You are too injured to fight recklessly!
Casting: Summon Small Mammal (safe; 2% risk of failure)
Confirm with . or Enter, or press ? or * to list all spells.
You feel sick.
Your rat disappears in a puff of smoke!
The adder closely misses you.
Unknown command.
Casting: Summon Small Mammal (safe; 2% risk of failure)
Confirm with . or Enter, or press ? or * to list all spells.
You feel sick.
You are no longer poisoned.
The adder closely misses you. The adder barely misses you.
You miss the adder. The adder closely misses you.
Your rat completely misses the adder.
You barely miss the adder. The adder bites you.
* * * LOW HITPOINT WARNING * * *
Your rat misses the adder.
Your rat completely misses the adder.
The adder closely misses you.
You hit the adder.
The adder is moderately wounded.
The adder closely misses you.
Your rat bites the adder.
Your rat bites the adder but does no damage.
The adder bites you.
You die...

#.... .. . .# #.#
#.+....# .# ..
.##.###.#....##.###
........ ............ ##
...##..###.##... ... ..
...........##.###$.#.##..
#........................
#.>.#.........###rr.....#
....#....#......@S...#
...............§.........
##...................#...
.....#........§§..#.## .
..............#.###.#
.....#........#.# #
.#...#...........
..................
.##.............#.#


You could see an adder (ally target) and 2 friendly rats.

Vanquished Creatures
  An endoplasm (D:1)
  A giant cockroach (D:1)
  A hobgoblin (D:1)
  A kobold (D:1)
4 creatures vanquished.

Notes
Turn   | Place    | Note
-------+----------+-------------------------------------------
     0 | D:1      | ChadusMaximus the Barachi Summoner began the quest for the
                  | Orb.
     0 | D:1      | Reached XP level 1. HP: 13/13 MP: 3/3
    90 | D:1      | Reached skill level 5 in Summonings
   113 | D:1      | You fall into a shaft and drop 1 floor!
   166 | D:2      | Slain by an adder

Illustrated notes

Levels and vault maps discovered:
D:1:      giann_horns, layout_rooms
D:2:      layout_basic, minmay_bisected

Skill      XL: |  1 |
---------------+----+-----
Summonings     | 5 |  5.0
Dodging        | |  2.2
Stealth        | |  1.8
Spellcasting   | |  2.3

Action                     || total
---------------------------++-------
  Melee: Mace              ||    11
   Cast: Summon Small Mamm ||     4
   Stab: Sleeping          ||     2
  Dodge: Dodged            ||    11
